 Dungeon Crawl Stone Soup version 0.30-a0-1066-g63dfefce0d (webtiles) character file.

Game seed: 380488019300749820

4 IdlyInterested the Ducker (level 1, 0/16 HPs)
             Began as a Demonspawn Gladiator on Apr 12, 2023.
             Slain by a rat (1 damage)
             ... on level 1 of the Dungeon.
             The game lasted 00:00:35 (91 turns).

IdlyInterested the Ducker (Demonspawn Gladiator)      Turns: 91, Time: 00:00:35

Health: 0/16       AC:  4    Str: 14    XL:     1   Next: 58%
Magic:  1/1        EV: 12    Int:  9    God:
Gold:   18         SH:  0    Dex: 14    Spells: 0/0 levels left

rFire   . . .      SeeInvis .    a - +0 rapier
rCold   . . .      Faith    .    (no shield)
rNeg    . . .      Spirit   .    b - +0 leather armour
rPois   .          Reflect  .    c - +0 helmet
rElec   .          Rampage  .    (no cloak)
rCorr   .                        (no gloves)
Will    .....                    (no boots)
Stlth   +                        (no amulet)
HPRegen 0.22/turn                (no ring)
MPRegen 0.07/turn                (no ring)

@: no status effects
A: no striking features
a: no special abilities


You were on level 1 of the Dungeon.
You visited 1 branch of the dungeon, and saw 1 of its levels.

You collected 18 gold pieces.

Inventory:

Hand Weapons
 a - a +0 rapier (weapon)
Missiles
 d - 3 throwing nets
 e - 6 javelins
 g - 5 stones (quivered)
Armour
 b - a +0 leather armour (worn)
 c - a +0 helmet (worn)
Scrolls
 f - a scroll of amnesia {unknown}


   Skills:
 + Level 2.1 Fighting
 - Level 2.6 Short Blades
 - Level 1.7 Throwing
 * Level 2.9 Dodging


You couldn't memorise any spells.
You didn't know any spells.
Your spell library was empty.

Dungeon Overview and Level Annotations

Branches:
Dungeon (1/15)

Altars:


Message History

The hobgoblin is moderately wounded.
The quokka bites you but does no damage.
The hobgoblin hits you.
You barely miss the hobgoblin.
The hobgoblin is moderately wounded.
The quokka closely misses you. The hobgoblin closely misses you.
You hit the hobgoblin but do no damage.
The hobgoblin is moderately wounded.
The quokka bites you. The hobgoblin barely misses you. The quokka bites you.
* * * LOW HITPOINT WARNING * * *
You completely miss the hobgoblin.
The hobgoblin is moderately wounded.
The hobgoblin barely misses you. The quokka barely misses you.
You hit the hobgoblin but do no damage.
The hobgoblin is moderately wounded.
The quokka bites you.
* * * LOW HITPOINT WARNING * * *
The hobgoblin hits you but does no damage.
You closely miss the hobgoblin.
The hobgoblin is moderately wounded.
The quokka closely misses you. The hobgoblin barely misses you.
You hit the hobgoblin.
You kill the hobgoblin!
The quokka completely misses you.
A rat comes into view.
The quokka bites you but does no damage.
You hit the giant cockroach.
The giant cockroach is severely wounded.
The giant cockroach bites you but does no damage.
The quokka closely misses you.
The giant cockroach completely misses you.
You barely miss the giant cockroach.
The giant cockroach is severely wounded.
The quokka bites you.
* * * LOW HITPOINT WARNING * * *
The rat barely misses you. The giant cockroach barely misses you.
You hit the giant cockroach.
You kill the giant cockroach!
The quokka closely misses you. The rat bites you.
You die...

......###†........
...............#..
................#.
..................
................#.
..................#
....................
.....####r†....#.#..
...... #@#.##.#.#..
#....###r#.# .# #
[......JK..## #
#.##........#
#.......?.#.....
##........###...
#........# #.
#.........#
#..?........


You could see an endoplasm, a quokka, a kobold and a rat.

Vanquished Creatures
  A ball python (D:1)
  A bat (D:1)
  A giant cockroach (D:1)
  A hobgoblin (D:1)
  A rat (D:1)
5 creatures vanquished.

Notes
Turn   | Place    | Note
-------+----------+-------------------------------------------
     0 | D:1      | IdlyInterested the Demonspawn Gladiator began the quest for
                  | the Orb.
     0 | D:1      | Reached XP level 1. HP: 16/16 MP: 1/1
    91 | D:1      | Slain by a rat

Illustrated notes

Levels and vault maps discovered:
D:1:      onia_arrival_mini_spirals, layout_rooms, serial_shops, shop

Action                     || total
---------------------------++-------
  Melee: Rapier            ||    24
 Armour: Leather armour    ||     8
  Dodge: Dodged            ||    27

Table legend: (Time is in decaauts)
 A = Elapsed time spent in this place.
 B = Non-inter-level travel time spent in this place.
 C = Inter-level travel time spent in this place.
 D = Time resting spent in this place.
 E = Time spent auto-exploring this place.
 F = Levels seen in this place.
 G = Mean time per level.
                   A        B        C        D        E       F      G
               +--------+--------+--------+--------+--------+-----+--------+
         Total |     92 |     92 |      0 |      0 |     38 |   1 |   92.0 |
       Dungeon |     92 |     92 |      0 |      0 |     38 |   1 |   92.0 |
               +--------+--------+--------+--------+--------+-----+--------+

Top non-repeatable levels by time:
     D:1: 92 daAuts
